 Dungeon Crawl Stone Soup version 0.16.1-2-g95b8d4c (webtiles) character file.

73203 MDvedh the Severer (level 15, -32/143 HPs)
             Began as a Minotaur Fighter on Mar 24, 2015.
             Annihilated by an acid blob (36 damage)
             ... while paralysed by a giant eyeball
             ... on level 3 of the Pits of Slime.
             The game lasted 01:04:41 (23539 turns).

MDvedh the Severer (Minotaur Fighter)              Turns: 23539, Time: 01:04:41

Health: -32/143    AC: -3    Str: 23    XL:     15   Next: 3%
Magic:  6/6        EV:  2    Int:  7    God:
Gold:   1040       SH:  0    Dex: 23    Spells: 0 memorised, 14 levels left

rFire  + . .     SeeInvis .     b - +2 battleaxe (freeze)
rCold  . . .     Clarity  .     r - +10 scale mail "Smengy" {rF+ Int+2 Dex+6}
rNeg   . . .     SustAb   .     (no shield)
rPois  +         Gourm    .     (helmet restricted)
rElec  .         Spirit   .     e - +1 cloak
rCorr  .         Warding  .     a - +0 pair of gloves
rMut   .         Rnd*Tele +     g - +1 pair of boots
MR     +....                    t - amulet of regeneration
Stlth  ..........               (no ring)
                                o - ring of poison resistance

@: paralysed, agile, corroded equipment, no scrolls, somewhat resistant to
hostile enchantments, extremely unstealthy
A: retaliatory headbutt, horns 2, clumsy 1, robust 1, spit poison 1,
teleportitis 1, inability to read while threatened, no stealth, inability to use
devices, no air magic, no summoning magic, no transmutations magic, slow
reflexes 1, disrupted magic 1
a: Spit Poison


You were on level 3 of the Pits of Slime.
You were not hungry.

You visited 4 branches of the dungeon, and saw 26 of its levels.
You also visited: Sewer, Ossuary and Volcano.

You collected 2584 gold pieces.
You spent 1544 gold pieces at shops.

Inventory:

Hand weapons
 b - a +2 battleaxe of freezing (weapon)
 l - a +1 battleaxe of flaming
Armour
 a - a +0 pair of gloves (worn)
 e - a +1 cloak (worn)
 g - a +1 pair of boots (worn)
 r - the +10 scale mail "Smengy" (worn) {rF+ Int+2 Dex+6}
   (You bought it in a shop on level 4 of the Orcish Mines)

   It affects your intelligence (+2).
   It affects your dexterity (+6).
   It protects you from fire.
Jewellery
 o - a ring of poison resistance (left hand)
 s - an uncursed amulet of stasis
 t - an amulet of regeneration (around neck)
Scrolls
 c - a scroll of silence
 h - 9 scrolls of remove curse
 m - 4 scrolls of enchant weapon
 u - 4 scrolls of fog
 y - 7 scrolls of teleportation
 C - a scroll of magic mapping
 D - 4 scrolls of blinking
Potions
 i - 9 potions of curing
 j - 2 potions of brilliance
 n - 3 potions of resistance
 p - a potion of ambrosia
 q - a potion of cancellation
 x - 2 potions of restore abilities
 z - a potion of magic
 A - 2 potions of flight
Comestibles
 d - 19 bread rations
 f - 2 meat rations
 k - 20 fruits
 E - 7 beef jerkies
 F - 10 slices of pizza


   Skills:
 + Level 11.3 Fighting
 - Level 20.6 Axes
 + Level 14.6 Armour
 + Level 12.8 Dodging
   Level 3.6 Shields


You had 14 spell levels left.
You didn't know any spells.

Dungeon Overview and Level Annotations

Branches:
Dungeon (10/15)            Temple (0/1) D:5            Lair (8/8) D:8
  Swamp (0/5) Lair:6       Spider (0/5) Lair:6        Slime (4/6) Lair:6
    Orc (4/4) D:9             Elf (0/3) Orc:3

Altars:
Ashenzari
Cheibriados
Dithmenos
Elyvilon
Fedhas
Makhleb
Okawaru
Qazlal
Ru
Sif Muna
Trog
Vehumet
Zin
The Shining One
Beogh

Shops:
D:7 [   D:8 *   Orc:3 =   Orc:4 [[(:

Annotations:
Lair:3 exclusion: oklob plant
Slime:3 Dissolution


Innate Abilities, Weirdness & Mutations

You reflexively headbutt those who attack you in melee.
You have a pair of horns on your head.
You cannot read scrolls while threatened.
You cannot be stealthy.
You cannot study or use magical devices.
You cannot study or cast Air magic.
You cannot study or cast Summoning magic.
You cannot study or cast Transmutations magic.
You have somewhat slow reflexes. (-3 EV)
Your casting is slightly disrupted.
You are clumsy. (Dex -2)
You are robust (+10% HP).
You can spit poison.
Space occasionally distorts in your vicinity.


Message History

The acid corrodes your equipment!
The acid blob is lightly wounded.
You barely miss the slime creature.
The slime creature is heavily wounded.
The giant eyeball gazes at you.
You suddenly lose the ability to move!
The slime creature hits you. The acid blob spits acid at you.
The splash of acid hits you! The acid corrodes your equipment!
The acid burns!
Dissolution hits you!
You feel threatened and lose the ability to read scrolls!
You are splashed with acid!
The acid corrodes your equipment!
The acid burns!
* * * LOW HITPOINT WARNING * * *
Dissolution hits you!
* * * LOW HITPOINT WARNING * * *
You are splashed with acid!
The acid burns!
* * * LOW HITPOINT WARNING * * *
The slime creature hits you!!
* * * LOW HITPOINT WARNING * * *
The acid blob hits you!!!
You die...

. # #....###.#
....##....
....#......
...##......## ##
#....##......###.##
#.....#.......#...#
##...............#.##
#..........J@G......#
##.#...<..GJJ....#.##
#...........#...#
##..#...........##
####............#
#..............
#..............
....<......##..
............# .


You could see Dissolution, an acid blob, a slime creature and 2 giant eyeballs.

Vanquished Creatures
  Saint Roka (Orc:4)
  An azure jelly (Slime:3)
  An orc warlord (Orc:1)
  A great orb of eyes (Slime:2)
  3 hydras
  Harold (D:10)
  The ghost of CrazyArbalest the Quickloader, a powerful CeHu of Gozag (D:9)
  An ogre mage (Volcano)
  8 death yaks
  4 orc high priests (Orc:4)
  Nergalle (Lair:2)
  A giant orange brain (Slime:3)
  A hill giant (Volcano)
  4 orc sorcerers
  An orc knight (Orc:3)
  6 griffons
  7 elephants
  6 black mambas
  An eye of devastation (Lair:6)
  6 spiny frogs
  5 komodo dragons
  A spriggan druid (Lair:8)
  2 fire drakes
  3 blink frogs (Lair:2)
  16 polar bears
  A troll (Orc:4)
  A blue devil (Orc:4)
  A two-headed ogre (Volcano)
  34 slime creatures
  2 boulder beetles
  9 redbacks
  12 spriggans (Lair:8)
  2 hogs (D:7)
  4 wyverns
  2 hungry ghosts
  A human (D:7)
  20 yaks
  6 hippogriffs
  5 golden eyes (Slime:2)
  40 wolves
  2 swamp worms (Lair:6)
  2 wargs
  7 water moccasins
  A swamp drake (D:9)
  2 eyes of draining
  4 ice beasts
  7 ogres
  2 sky beasts
  4 black bears
  35 orc warriors
  8 porcupines
  4 wasps (Lair:8)
  2 centaurs
  A phantom (D:4)
  13 crocodiles
  Duvessa (D:5)
  7 big kobolds
  An elf zombie (Ossuary)
  13 giant frogs
  2 scorpions
  3 wights (D:6)
  7 killer bees
  2 electric eels (Lair:6)
  2 crimson imps
  2 lava snakes
  A centaur zombie (Ossuary)
  Dowan (D:5)
  2 human zombies (Ossuary)
  4 goliath beetles
  29 orc priests
  37 orc wizards
  Crazy Yiuf (D:3)
  A quasit (D:9)
  11 jellies
  A giant frog skeleton (D:10)
  7 hounds
  8 iguanas
  2 hell rats (Lair:7)
  7 sheep
  6 worker ants
  Ijyb (D:6)
  A big kobold zombie (Ossuary)
  A hound zombie (D:7)
  3 mummies
  A worker ant zombie (D:5)
  10 gnolls
  36 adders
  84 river rats
  5 worms
  A giant mite (D:6)
  3 shadow imps
  3 adder zombies
  An adder skeleton (D:6)
  4 giant geckos
  12 oozes
  204 orcs
  A bat zombie (D:6)
  16 goblins
  25 hobgoblins
  9 jackals
  24 kobolds
  22 quokkas
  4 ball pythons (Sewer)
  8 bats
  6 giant cockroaches
  3 giant newts
  A giant spore (D:5)
  2 goblin zombies
  14 hobgoblin zombies (Ossuary)
  A jackal zombie (D:5)
  8 kobold zombies
  10 orc zombies
  A quokka zombie (D:6)
  31 rats
  A rat zombie (Ossuary)
  A spectral orc (Lair:2)
  A ballistomycete (D:5)
  A bush (Lair:8)
  10 fungi
  7 plants
1052 creatures vanquished.

Vanquished Creatures (collateral kills)
  A polar bear (Lair:6)
1 creature vanquished.

Vanquished Creatures (others)
  The ghost of Scytalen the Destroyer, a powerful DsFE of Sif Muna (Lair:7)
  An elephant (Lair:6)
  A blink frog (Lair:2)
  A swamp worm (Lair:6)
  A centaur (D:5)
  An orc (Orc:2)
  2 fungi (Lair:8)
8 creatures vanquished.

Grand Total: 1061 creatures vanquished

Notes
Turn   | Place    | Note
--------------------------------------------------------------
     0 | D:1      | MDvedh, the Minotaur Fighter, began the quest for the Orb.
     0 | D:1      | Reached XP level 1. HP: 19/19 MP: 1/1
   115 | D:1      | Reached XP level 2. HP: 26/26 MP: 1/1
   527 | D:1      | Reached skill level 4 in Axes
   762 | D:2      | Reached XP level 3. HP: 31/31 MP: 2/2
   775 | D:2      | Found a white marble altar of Elyvilon.
   897 | D:2      | Reached skill level 5 in Axes
   945 | D:2      | Reached XP level 4. HP: 35/39 MP: 2/2
  1048 | D:2      | Found a sacrificial altar of Ru.
  1049 | D:2      | Found a bloodstained altar of Trog.
  1225 | D:2      | Found a snail-covered altar of Cheibriados.
  1343 | D:3      | Reached skill level 6 in Axes
  1576 | D:3      | Reached XP level 5. HP: 45/45 MP: 2/2
  1625 | D:2      | Became a worshipper of Ru the Awakened
  1977 | D:3      | Noticed Crazy Yiuf
  1990 | D:3      | Killed Crazy Yiuf
  2324 | D:4      | Reached skill level 7 in Axes
  2396 | D:4      | Found a shadowy altar of Dithmenos.
  2396 | D:4      | Noticed a phantom
  2412 | D:4      | Killed a phantom
  2412 | D:4      | Reached XP level 6. HP: 41/51 MP: 3/3
  2472 | D:4      | Found a sand-covered staircase.
  2481 | Ossuary  | Entered an ossuary
  2509 | Ossuary  | Reached skill level 8 in Axes
  2627 | Ossuary  | Reached skill level 9 in Axes
  2627 | Ossuary  | Reached XP level 7. HP: 57/57 MP: 3/3
  2799 | D:4      | Gained mutation: You cannot study or cast Air magic. [Ru sacrifice]
  2799 | D:4      | Gained mutation: You cannot study or cast Transmutations magic. [Ru sacrifice]
  2799 | D:4      | Gained mutation: You cannot study or cast Summoning magic. [Ru sacrifice]
  2799 | D:4      | Acquired Ru's first power
  2905 | D:4      | Found a stormy altar of Qazlal.
  3315 | D:4      | Reached skill level 10 in Axes
  3482 | D:5      | Entered Level 5 of the Dungeon
  3570 | D:5      | Reached skill level 11 in Axes
  3603 | D:5      | Reached XP level 8. HP: 47/64 MP: 3/3
  3687 | D:5      | Noticed Duvessa
  3687 | D:5      | Noticed Dowan
  3698 | D:5      | Killed Duvessa
  3699 | D:5      | Killed Dowan
  3719 | D:5      | Found a staircase to the Ecumenical Temple.
  3961 | D:5      | Found a shattered altar of Ashenzari.
  3991 | D:5      | Found a deep blue altar of Sif Muna.
  4308 | D:6      | Found a blossoming altar of Fedhas.
  4345 | D:6      | Reached skill level 12 in Axes
  4387 | D:6      | Noticed Ijyb
  4390 | D:6      | Killed Ijyb
  4458 | D:6      | Gained mutation: You cannot study or use magical devices. [Ru sacrifice]
  4458 | D:6      | Acquired Ru's second power
  4458 | D:6      | Acquired Ru's third power
  4458 | D:6      | Acquired Ru's fourth power
  4461 | D:6      | Found a radiant altar of Vehumet.
  4715 | D:6      | Found a glowing drain.
  4720 | Sewer    | Entered a sewer
  5065 | Sewer    | Reached skill level 13 in Axes
  5442 | D:6      | Reached XP level 9. HP: 56/70 MP: 4/4
  5945 | D:6      | Reached skill level 14 in Axes
  5949 | D:6      | Gained mutation: You can spit poison. [mutagenic meat]
  6124 | D:7      | Found Qireris' Armour Shop.
  6332 | D:7      | Gained mutation: Your casting is slightly disrupted. [Ru sacrifice]
  6708 | D:7      | Reached skill level 15 in Axes
  7071 | D:8      | Found a staircase to the Lair.
  7197 | D:8      | Found Plafuim's Demolitions Depot.
  7216 | D:8      | Reached skill level 16 in Axes
  7303 | D:8      | Reached XP level 10. HP: 77/77 MP: 4/4
  7547 | D:9      | Noticed CrazyArbalest's ghost (powerful CeHu)
  7565 | D:9      | Killed CrazyArbalest's ghost
  7748 | D:9      | Reached skill level 17 in Axes
  7827 | D:9      | Found an iron altar of Okawaru.
  7840 | D:9      | Gained mutation: You cannot read scrolls while threatened. [Ru sacrifice]
  7840 | D:9      | Acquired Ru's fifth power
  7852 | D:9      | Found a burning altar of Makhleb.
  7852 | D:9      | Found a glowing silver altar of Zin.
  7853 | D:9      | Noticed an angel
  7853 | D:9      | Noticed a cacodemon
  8265 | D:9      | Found a staircase to the Orcish Mines.
  8703 | D:10     | Entered Level 10 of the Dungeon
  8748 | D:10     | Reached skill level 1 in Dodging
  8767 | D:10     | Noticed Harold
  8775 | D:10     | Killed Harold
  8775 | D:10     | Reached skill level 5 in Armour
  9004 | D:7      | Bought a +1 plate armour of poison resistance for 384 gold pieces
  9067 | Lair:1   | Entered Level 1 of the Lair of Beasts
  9067 | Lair:1   | Noticed a black mamba
  9082 | Lair:1   | Killed a black mamba
  9082 | Lair:1   | Reached XP level 11. HP: 67/82 MP: 4/4
  9236 | Lair:1   | Gained mutation: Space occasionally distorts in your vicinity. [potion of mutation]
  9236 | Lair:1   | Gained mutation: You are clumsy. (Dex -2) [potion of mutation]
  9248 | Lair:1   | Gained mutation: You cannot be stealthy. [Ru sacrifice]
  9489 | Lair:1   | Noticed a black mamba
  9490 | Lair:1   | Noticed a five-headed hydra
  9498 | Lair:1   | Killed a one-headed hydra
  9498 | Lair:1   | Reached skill level 5 in Dodging
  9509 | Lair:1   | Killed a black mamba
 10468 | Lair:2   | Noticed Nergalle
 10516 | Lair:2   | Killed Nergalle
 11542 | Lair:3   | Identified a scroll of acquirement
 11812 | Lair:3   | Reached skill level 18 in Axes
 11869 | Lair:3   | Gained mutation: You have somewhat slow reflexes. (-3 EV) [Ru sacrifice]
 12566 | Lair:4   | Noticed a death yak
 12566 | Lair:4   | Noticed a death yak
 12567 | Lair:4   | Noticed a death yak
 12567 | Lair:4   | Noticed a death yak
 12568 | Lair:4   | Noticed a death yak
 12587 | Lair:4   | Killed a death yak
 12587 | Lair:4   | Reached XP level 12. HP: 64/90 MP: 5/5
 12594 | Lair:4   | Killed a death yak
 12594 | Lair:4   | Reached skill level 10 in Armour
 12598 | Lair:4   | Killed a death yak
 12635 | Lair:4   | Killed a death yak
 12637 | Lair:4   | Killed a death yak
 12710 | Lair:4   | Found a dark tunnel.
 12720 | Volcano  | Entered a volcano
 12777 | Volcano  | Got an iridescent long sword
 13058 | Lair:4   | Reached skill level 19 in Axes
 13941 | Lair:5   | Reached skill level 5 in Fighting
 15043 | Lair:6   | Found a hole to the Spider Nest.
 15121 | Lair:6   | Reached XP level 13. HP: 98/101 MP: 5/5
 15197 | Lair:6   | Found a staircase to the Slime Pits.
 15622 | Lair:6   | Found a staircase to the Swamp.
 15663 | Lair:7   | Reached skill level 10 in Dodging
 16082 | Lair:7   | Noticed Scytalen's ghost (powerful DsFE)
 16105 | Lair:7   | Killed Scytalen's ghost
 16435 | Lair:7   | Gained mutation: You are robust (+10% HP). [potion of beneficial mutation]
 16704 | Lair:8   | Entered Level 8 of the Lair of Beasts
 16755 | Lair:7   | Reached skill level 20 in Axes
 17822 | Lair:8   | Reached XP level 14. HP: 114/126 MP: 5/5
 18210 | Lair:8   | Fell from the grace of Ru
 18666 | Orc:1    | Entered Level 1 of the Orcish Mines
 18706 | Orc:1    | Found a glowing golden altar of the Shining One.
 19173 | Orc:2    | Noticed an orc warlord
 19201 | Orc:1    | Killed an orc warlord
 19471 | Orc:2    | Found Clefics' Magic Scroll Emporium.
 19916 | Orc:3    | Found a staircase to the Elven Halls.
 19945 | Orc:3    | Found Sefan's Jewellery Shop.
 20287 | Orc:3    | Found a roughly hewn altar of Beogh.
 20712 | Orc:4    | Entered Level 4 of the Orcish Mines
 20907 | Orc:4    | Found a roughly hewn altar of Beogh.
 21073 | Orc:4    | Found a roughly hewn altar of Beogh.
 21216 | Orc:4    | Found a roughly hewn altar of Beogh.
 21217 | Orc:4    | Found Strea's Book Shop.
 21302 | Orc:4    | Noticed Saint Roka
 21611 | Orc:4    | Killed Saint Roka
 21611 | Orc:4    | Reached skill level 10 in Fighting
 21786 | Orc:4    | Found a roughly hewn altar of Beogh.
 21786 | Orc:4    | Found Crifumoit's Armour Shop.
 21809 | Orc:4    | Bought a +0 pair of gloves for 58 gold pieces
 21919 | Orc:4    | Found a roughly hewn altar of Beogh.
 22012 | Orc:4    | Found a roughly hewn altar of Beogh.
 22055 | Orc:4    | Found a roughly hewn altar of Beogh.
 22118 | Orc:4    | Found Struwk's Antique Armour Shoppe.
 22118 | Orc:4    | Found a roughly hewn altar of Beogh.
 22121 | Orc:4    | Found Cruasm's Antique Weapon Emporium.
 22193 | Orc:4    | Bought the +10 scale mail "Smengy" {rF+ Int+2 Dex+6} for 1102 gold pieces
 22806 | Slime:1  | Entered Level 1 of the Pits of Slime
 23475 | Slime:4  | Noticed Dissolution
 23475 | Slime:4  | Noticed an acid blob
 23494 | Slime:3  | Noticed an azure jelly
 23512 | Slime:3  | Killed an azure jelly
 23512 | Slime:3  | Reached XP level 15. HP: 130/143 MP: 6/6
 23538 | Slime:3  | Paralysed by a giant eyeball for 3 turns
 23539 | Slime:3  | HP: 4/143 [slime creature (19)]
 23539 | Slime:3  | Annihilated by an acid blob

Action                   |  1- 3 |  4- 6 |  7- 9 | 10-12 | 13-15 || total
-------------------------+-------+-------+-------+-------+-------++-------
Melee: War axe           |    73 |   215 |   519 |   537 |       ||  1344
       Battleaxe         |       |       |       |   308 |  1186 ||  1494
       Hand axe          |       |       |       |     5 |       ||     5
Invok: Sacrifice Arcana  |       |       |     1 |       |       ||     1
       Sacrifice Artific |       |       |     1 |       |       ||     1
       Sacrifice Essence |       |       |     1 |       |       ||     1
       Sacrifice Words   |       |       |       |     1 |       ||     1
       Sacrifice Health  |       |       |       |     1 |       ||     1
       Sacrifice Stealth |       |       |       |     1 |       ||     1
       Power Leap        |       |       |       |     1 |       ||     1
       Renounce Religion |       |       |       |       |     1 ||     1
  Use: Potion            |       |     1 |       |    10 |     8 ||    19
       Scroll            |       |       |    19 |    14 |     1 ||    34
 Stab: Invisible         |       |       |     1 |    17 |     5 ||    23
       Distracted        |       |       |     1 |       |       ||     1
       Confused          |       |       |       |     1 |       ||     1
       Paralysed         |       |       |       |     6 |     5 ||    11
       Fleeing           |       |       |       |       |     1 ||     1
  Eat: Chunk             |       |     3 |     5 |    16 |    26 ||    50
       Beef jerky        |       |     1 |       |     2 |       ||     3
       Fruit             |       |     1 |       |       |     3 ||     4
       Meat ration       |       |       |     3 |     1 |     1 ||     5
       Pizza             |       |       |       |     3 |       ||     3
       Royal jelly       |       |       |       |     1 |     1 ||     2
